 Dungeon Crawl Stone Soup version 0.30.0 (webtiles) character file.

Game seed: 4548458278995337967

2 browni3141 the Sneak (level 1, -2/19 HPs)
             Began as an Armataur Delver on May 6, 2023.
             Was an Initiate of Okawaru.
             Slain by an adder (4 damage)
             ... on level 4 of the Dungeon.
             The game lasted 00:01:25 (314 turns).

browni3141 the Sneak (Armataur Delver)               Turns: 314, Time: 00:01:26

Health: -2/19      AC:  4    Str: 17    XL:     1   Next: 25%
Magic:  1/1        EV:  9    Int: 10    God:    Okawaru [......]
Gold:   9          SH:  0    Dex: 11    Spells: 0/0 levels left

rFire   . . .        H - +3 flail
rCold   . . .        (no shield)
rNeg    . . .        b - +0 leather armour
rPois   .            (no helmet)
rElec   .            (no cloak)
rCorr   .            (no gloves)
SInv    .            (no barding)
Will    .....        (no amulet)
Stlth   +++          (no ring)
HPRegen 0.23/turn    (no ring)
MPRegen 0.07/turn

%: roll
@: no status effects
A: large, rugged brown scales 3, deformed body, armoured tail, roll, long
tongue, awkward tongue
a: Renounce Religion


You were on level 4 of the Dungeon.
You worshipped Okawaru.
Okawaru was noncommittal.
You visited 2 branches of the dungeon, and saw 3 of its levels.

You collected 9 gold pieces.

Inventory:

Hand Weapons
 a - a +0 short sword
 H - a +3 flail (weapon)
Armour
 b - a +0 leather armour (worn)
Wands
 g - a wand of digging (3)
Scrolls
 d - a scroll of magic mapping
 F - a scroll of fog
 G - a scroll of vulnerability {unknown}
 I - a scroll of summoning {unknown}


   Skills:
 + Level 2.8 Fighting
 - Level 1.7 Short Blades
 * Level 0.0 Maces & Flails
 - Level 1.3 Dodging
 - Level 5.4 Stealth


You couldn't memorise any spells.
You didn't know any spells.
Your spell library was empty.

Dungeon Overview and Level Annotations

Branches:
Dungeon (5/15)             Temple (1/1) D:4

Altars:
Dithmenos
Kikubaaqudgha
Makhleb
Nemelex Xobeh
Okawaru
Ru
Sif Muna
Trog
Xom
Yredelemnul


Innate Abilities, Weirdness & Mutations

You are completely covered in rugged brown scales. (AC +3, +7% HP)
Armour fits poorly on your strangely shaped body.
You have a long armoured tail.
You roll when moving toward enemies. (Rampage)
Your long tongue fully drains potion bottles. (2x potion effects)
Your tongue gives you trouble enunciating. (1.5x scroll delay)


Message History

Sorry, you're not good enough to have a special ability.
Unknown command.
Okay, then.
You don't know any spells.
There is a staircase to the Ecumenical Temple here.
You climb downwards.
Welcome to the Ecumenical Temple!
Found a sacrificial altar of Ru.
There is a staircase back to the Dungeon here.
HP restored.
You enter the shallow water.
Found a shimmering altar of Xom.
Found a shadowy altar of Dithmenos.
You enter the shallow water.
Your extra speed is starting to run out.
Found a basalt altar of Yredelemnul.
There is a shadowy altar of Dithmenos here.
You feel yourself slow down.
Found a sparkling altar of Nemelex Xobeh.
Found an iron altar of Okawaru.
You enter the shallow water.
Found an ancient bone altar of Kikubaaqudgha.
You enter the shallow water.
You enter the shallow water.
Found a bloodstained altar of Trog.
Found a shimmering blue altar of Sif Muna.
Found a burning altar of Makhleb.
You enter the shallow water.
You enter the shallow water.
There is a sparkling altar of Nemelex Xobeh here.
You enter the shallow water.
Key pressed, stopping explore.
There is a shimmering blue altar of Sif Muna here.
Done exploring.
Done exploring.
Done exploring.
Done exploring.
There is a shimmering blue altar of Sif Muna here.
You kneel at the altar of Sif Muna.
Unknown command.
Press < or > to pray at altars.
There is an iron altar of Okawaru here.
You kneel at the altar of Okawaru.
Okawaru welcomes you!
Unknown command.
Press < or > to pray at altars.
There is a staircase back to the Dungeon here.
You can't go down here!
You climb upwards.
The ogre barely misses you.
There is a staircase to the Ecumenical Temple here.
As you slowly read the scroll of fear, it crumbles to dust.
You assume a fearsome visage.
The goblin looks frightened!
The endoplasm looks frightened!
The scorpion looks frightened!
The ogre looks frightened!
The goblin looks frightened!
The iguana looks frightened!
You roll towards the endoplasm!
You roll towards the adder!
You hit the adder.
The adder is moderately wounded.
The adder bites you but does no damage.
The goblin begs, "Please don't kill me!"
The adder closely misses you.
You closely miss the adder.
Your tail-slap misses the adder.
The adder is moderately wounded.
The adder bites you but does no damage.
Cornered, the ogre turns to fight!
The adder barely misses you.
The goblin cowers, then darts away.
You closely miss the adder.
The adder is moderately wounded.
The adder closely misses you. The adder bites you but does no damage.
You roll towards the endoplasm!
The adder attacks as you move away! The adder bites you but does no damage.
The adder bites you.
You are poisoned.
The adder poisons you!
You feel sick.
You miss the adder.
The adder is moderately wounded.
You feel sick. The adder bites you.
You are more poisoned.
The adder poisons you! The adder bites you but does no damage.
You feel sick.
You closely miss the adder.
Your tail-slap misses the adder.
The adder is moderately wounded.
You feel very sick. The adder bites you. The adder barely misses you.
You hit the adder.
The adder is moderately wounded.
You feel sick. The adder barely misses you. The adder bites you.
You closely miss the adder.
The adder is moderately wounded.
You feel sick. The adder barely misses you.
The adder bites you but does no damage.
You closely miss the adder.
The adder is moderately wounded.
You feel sick. The adder barely misses you.
You hit the adder.
The adder is almost dead.
You feel sick.
You are no longer poisoned.
The adder bites you.
You die...

........O## .#.......#
........# #.......#
#.......# #.......###
#.........#####
######........#######
#@##.....J.....##
#S#.............##
#O........g......#
##...(...........#
#######........b......#
#....##......[........#
#.>..##...............#
#..O.................?#
########.............##


You could see an ogre and an adder.

Vanquished Creatures
  An orc (D:5)
1 creature vanquished.

Notes
Turn   | Place    | Note
-------+----------+-------------------------------------------
     0 | D:5      | browni3141 the Armataur Delver began the quest for the Orb.
     0 | D:5      | Reached XP level 1. HP: 19/19 MP: 1/1
    25 | D:5      | Noticed a scorpion
    50 | D:4      | Noticed a scorpion
    50 | D:4      | Noticed an iguana
    51 | D:4      | Noticed an ogre
    77 | D:4      | Found a staircase to the Ecumenical Temple.
    86 | Temple   | Entered the Ecumenical Temple
   283 | Temple   | Became a worshipper of Warmaster Okawaru
   314 | D:4      | Slain by an adder

Illustrated notes

Levels and vault maps discovered:
D:4:      layout_rooms, good_gods_mini_temple, vehumet_statue,
          minmay_temple_entry_butterflies
D:5:      layout_basic, eino_tiny_chamber
Temple:   nicolae_temple_bog_church

Action                     || total
---------------------------++-------
  Melee: Flail             ||     9
         Short sword       ||     3
    Use: Scroll            ||     1
         Potion            ||     1
 Armour: Leather armour    ||     7
  Dodge: Dodged            ||    12
